Map: Luxuriance EC (Void)

Players

lynxgeo

  • Race: Zerg Zerg
  • League: Diamond
  • Spawn Location: 7:00

Florencio - Winner!

  • Race: Protoss Protoss
  • League: Diamond
  • Spawn Location: 1:00

VOD

Have the link to the VOD?

Description

Time

  • Played on: Dec. 18, 2016, 8:13 p.m.
  • Length: 19:47
Show
View Real Time Build Order
Export as new Build Order

lynxgeo Zerg 

Build Orders: Pool First 

Get SALT Encoding   

  12  0:00  Drone  
  13  0:12  Overlord  
  13  0:17  Drone  
  14  0:31  Drone x2  
  14  0:35  Drone  
  17  0:56  Spawning Pool  
  16  1:31  Hatchery  
  15  1:47  Zergling x6  
  18  2:18  Zergling x4  
  20  2:32  Drone  
  20  2:33  Drone  
  22  2:42  Queen  
  24  2:48  Spine Crawler  
  24  2:50  Queen  
  24  2:51  Spine Crawler x2  
  24  2:55  Spine Crawler  
  22  3:01  Drone  
  22  3:02  Drone  
  24  3:17  Drone x3  
  24  3:19  Drone  
  26  4:00  Drone x2  
  26  4:02  Overlord x2  
  28  4:04  Overlord  
  28  4:15  Extractor  
  27  4:26  Drone x2  
  29  4:36  Hatchery  
  28  4:50  Drone x4  
  32  4:56  Extractor  
  32  4:59  Spore Crawler  
  30  5:00  Spore Crawler  
  30  5:01  Queen  
  31  5:25  Drone x3  
  34  5:39  Drone  
  34  5:40  Drone x4  
  39  5:44  Spore Crawler  
  39  5:46  Spine Crawler  
  39  5:49  Spine Crawler  
  36  5:56  Queen  
  38  5:59  Drone x6  
  38  6:03  Lair  
  44  6:07  Drone x2  
  46  6:32  Queen  
  48  6:33  Drone x2  
  48  6:34  Spore Crawler, Drone  
  50  6:59  Overlord  
  50  7:00  Overlord x4  
  50  7:03  Spire  
  49  7:15  Spine Crawler, Queen  
  49  7:17  Spine Crawler  
  49  7:18  Drone x4  
  49  7:19  Drone x4  
  49  7:20  Drone x2  
  59  7:33  Metabolic Boost  
  59  7:35  Zergling x2  
  59  7:36  Zergling x12  
  59  7:37  Zergling x10  
  68  7:42  Spine Crawler  
  68  7:43  Spine Crawler  
  69  7:45  Drone  
  69  7:46  Extractor x2  
  60  8:29  Mutalisk x7  
  74  8:53  Drone  
  74  8:55  Overlord x2  
  75  9:00  Mutalisk  
  75  9:03  Overlord x2  
  75  9:05  Hatchery  
  72  9:19  Mutalisk x4  
  72  9:22  Drone x3  
  83  9:29  Mutalisk  
  85  9:33  Mutalisk  
  87  9:48  Mutalisk  
  87  9:51  Mutalisk  
  91  9:58  Drone x4  
  95  10:32  Drone x8  
  103  10:35  Extractor, Queen  
  103  10:37  Extractor  
  103  10:47  Mutalisk x3  
  109  10:53  Drone  
  109  10:55  Mutalisk  
  109  10:56  Mutalisk  
  114  11:00  Zerg Flyer Weapons Level 1  
  114  11:13  Overlord x2  
  114  11:14  Overlord  
  114  11:15  Overlord x2  
  114  11:35  Mutalisk x3  
  114  11:36  Mutalisk x2  
  114  11:37  Hatchery  
  123  11:43  Mutalisk x3  
  129  12:00  Mutalisk x3  
  115  12:05  Zergling x2  
  115  12:06  Zergling x12  
  118  12:10  Spore Crawler  
  118  12:11  Spore Crawler  
  118  12:12  Spore Crawler x2  
  89  12:39  Overlord x5  
  89  12:57  Corruptor x6  
  101  13:03  Corruptor  
  103  13:16  Corruptor  
  103  13:17  Corruptor  
  95  13:39  Corruptor x3  
  92  13:54  Corruptor  
  94  14:02  Corruptor  
  96  14:21  Corruptor  
  88  14:45  Hatchery  
  83  14:49  Corruptor  
  83  15:00  Corruptor  
  85  15:11  Corruptor  
  87  15:23  Corruptor  
  89  15:44  Corruptor  
  89  15:46  Corruptor  
  93  15:55  Drone x2  
  95  16:00  Drone  
  95  16:01  Drone  
  97  16:08  Overlord  
  97  16:21  Infestation Pit  
  97  16:24  Corruptor  
  98  16:30  Drone x2  
  100  16:33  Drone  
  101  16:47  Corruptor  
  101  16:48  Corruptor  
  105  17:01  Corruptor  
  105  17:02  Corruptor  
  109  17:24  Lair  
  109  17:26  Corruptor x2  
  109  18:01  Overlord x5  
  109  18:02  Overlord  
  109  18:19  Hatchery  
Show
View Real Time Build Order
Export as new Build Order

Florencio Protoss - Winner!

Build Orders:  

Get SALT Encoding   

  12  0:01  Probe (Chrono Boost)  
  13  0:11  Probe (Chrono Boost)  
  14  0:18  Pylon  
  14  0:22  Probe (Chrono Boost)  
  15  0:36  Probe (Chrono Boost)  
  15  0:40  Forge  
  16  0:49  Probe (Chrono Boost)  
  17  0:54  Pylon  
  17  1:18  Photon Cannon  
  16  1:28  Probe (Chrono Boost)  
  17  1:43  Pylon  
  17  1:45  Pylon  
  17  2:04  Photon Cannon  
  17  2:06  Photon Cannon  
  17  2:15  Nexus  
  16  2:16  Pylon  
  16  2:18  Photon Cannon  
  16  2:25  Photon Cannon  
  16  2:27  Gateway  
  16  2:31  Pylon  
  16  2:35  Probe (Chrono Boost)  
  17  2:44  Assimilator  
  17  2:49  Assimilator  
  17  2:55  Probe (Chrono Boost)  
  18  3:04  Photon Cannon  
  18  3:07  Probe (Chrono Boost)  
  19  3:18  Probe (Chrono Boost)  
  20  3:21  Photon Cannon  
  20  3:28  Cybernetics Core  
  20  3:39  Photon Cannon  
  20  3:45  Photon Cannon  
  20  3:53  Pylon  
  20  4:03  Pylon  
  20  4:06  Photon Cannon  
  20  4:10  Probe (Chrono Boost)  
  21  4:21  Probe (Chrono Boost)  
  21  4:22  Mothership Core (Chrono Boost)  
  24  4:37  Stargate  
  24  4:40  Assimilator  
  24  4:41  Probe (Chrono Boost)  
  25  4:49  Probe (Chrono Boost)  
  27  4:54  Probe (Chrono Boost)  
  27  5:00  Probe (Chrono Boost)  
  27  5:04  Probe (Chrono Boost)  
  29  5:16  Probe (Chrono Boost)  
  29  5:20  Void Ray  
  34  5:24  Probe (Chrono Boost)  
  34  5:26  Probe (Chrono Boost)  
  36  5:29  Pylon  
  36  5:37  Probe (Chrono Boost)  
  36  5:41  Stargate  
  37  5:47  Probe (Chrono Boost)  
  38  5:50  Pylon  
  38  5:58  Pylon  
  38  6:03  Void Ray  
  42  6:04  Probe (Chrono Boost)  
  43  6:16  Pylon  
  43  6:25  Void Ray  
  47  6:30  Pylon  
  47  6:31  Probe (Chrono Boost)  
  48  6:37  Pylon  
  48  6:42  Probe (Chrono Boost)  
  48  6:43  Stalker  
  51  6:52  Probe (Chrono Boost), Assimilator  
  52  7:00  Void Ray  
  56  7:03  Probe (Chrono Boost)  
  57  7:14  Probe (Chrono Boost), Void Ray  
  58  7:18  Pylon  
  62  7:26  Probe (Chrono Boost)  
  64  7:37  Stargate  
  64  7:38  Probe (Chrono Boost)  
  64  7:40  Pylon  
  64  7:43  Void Ray  
  68  7:51  Void Ray  
  72  8:13  Fleet Beacon, Pylon  
  68  8:45  Carrier  
  68  8:56  Carrier  
  80  9:02  Carrier  
  86  9:15  Forge  
  86  9:23  Graviton Catapult  
  86  9:46  Nexus  
  86  9:48  Pylon  
  92  10:10  Photon Cannon  
  92  10:13  Photon Cannon  
  92  10:16  Photon Cannon  
  91  10:37  Carrier  
  91  10:41  Photon Cannon x2  
  91  10:42  Photon Cannon  
  97  10:44  Pylon  
  97  10:49  Pylon  
  97  10:56  Carrier  
  103  11:28  Photon Cannon  
  103  11:30  Photon Cannon  
  103  11:32  Photon Cannon  
  103  11:44  Carrier  
  99  12:05  Carrier  
  105  12:25  Carrier  
  111  12:48  Photon Cannon  
  111  12:49  Photon Cannon  
  111  12:51  Pylon  
  111  12:55  Assimilator  
  112  12:59  Assimilator  
  112  13:00  Probe (Chrono Boost)  
  112  13:10  Carrier  
  112  13:12  Probe (Chrono Boost)  
  111  13:58  Void Ray  
  111  14:04  Void Ray  
  111  14:08  Mothership Core (Chrono Boost)  
  121  14:16  Probe (Chrono Boost)  
  122  14:21  Robotics Facility  
  122  14:27  Probe (Chrono Boost)  
  122  14:28  Photon Cannon  
  122  14:31  Photon Cannon  
  123  14:36  Void Ray  
  123  14:37  Probe (Chrono Boost)  
  128  14:59  Void Ray  
  128  15:04  Void Ray  
  136  15:19  Void Ray  
  146  15:36  Void Ray  
  146  15:38  Nexus  
  146  15:39  Pylon  
  146  15:41  Pylon  
  150  15:47  Void Ray  
  154  15:58  Photon Cannon  
  154  15:59  Photon Cannon  
  154  16:01  Void Ray  
  154  16:02  Photon Cannon  
  154  16:04  Photon Cannon  
  158  16:08  Photon Cannon  
  158  16:13  Void Ray  
  162  16:26  Photon Cannon  
  162  16:28  Pylon  
  162  16:30  Void Ray  
  162  16:31  Probe (Chrono Boost)  
  167  16:43  Probe (Chrono Boost)  
  167  16:44  Void Ray  
  172  16:50  Assimilator  
  172  17:02  Void Ray  
  172  17:05  Assimilator  
  176  17:12  Void Ray  
  180  17:27  Void Ray  
  184  18:18  Observer  
Tags
 
Add a new tag
Caveats
  • Supply blocks, unpowered buildings, or Contaminate may cause inaccurate times.
  • Supply counts are checked every 10 seconds.